 Dungeon Crawl Stone Soup version 0.30-a0-122-g2a1322497e (webtiles) character file.

Game seed: 1346616873392113486

113 Newt the Trooper (level 4, 0/37 HPs)
             Began as a Demonspawn Gladiator on Sept 16, 2022.
             Was a Follower of Trog.
             Slain by an ogre
             ... wielding a +0 giant club
              (17 damage)
             ... on level 3 of the Dungeon.
             The game lasted 00:03:22 (2763 turns).

Newt the Trooper (Demonspawn Gladiator)             Turns: 2763, Time: 00:03:23

Health: 0/37       AC:  6    Str: 16    XL:     4   Next: 65%
Magic:  0/4        EV: 10    Int:  9    God:    Trog [*.....]
Gold:   123        SH:  0    Dex: 15    Spells: 3/3 levels left

rFire   . . .      SeeInvis .    a - +0 rapier
rCold   . . .      Faith    .    (no shield)
rNeg    . . .      Spirit   +    l - +0 scale mail
rPois   .          Reflect  .    (helmet restricted)
rElec   .          Harm     .    (no cloak)
rCorr   .          Rampage  .    (no gloves)
Will    .....                    (no boots)
Stlth   +.........               i - amulet of regeneration
HPRegen 0.92/turn                (no ring)
MPRegen 0.18/turn                (no ring)

@: no status effects
A: horns 1, magic shield, magic regeneration
a: Renounce Religion, Berserk


You were on level 3 of the Dungeon.
You worshipped Trog.
Trog was aware of your devotion.
You visited 1 branch of the dungeon, and saw 3 of its levels.

You collected 123 gold pieces.

Inventory:

Hand Weapons
 a - a +0 rapier (weapon)
Missiles
 d - 2 throwing nets (quivered)
 e - 6 javelins
Armour
 b - a +0 leather armour
 c - a +0 helmet
 l - a +0 scale mail (worn)
Jewellery
 i - an amulet of regeneration (around neck)
Wands
 n - a wand of quicksilver (5)
Scrolls
 f - a scroll of poison
 h - a scroll of teleportation
 j - a scroll of magic mapping {unknown}
Potions
 g - 2 potions of attraction {unknown}
 k - a potion of might {unknown}


   Skills:
 - Level 4.0 Fighting
 + Level 3.1 Short Blades
 - Level 1.7 Throwing
 - Level 2.6 Dodging
 - Level 2.0 Stealth


You had 3 spell levels left.
You didn't know any spells.
Your spell library was empty.

Dungeon Overview and Level Annotations

Branches:
Dungeon (3/15)

Altars:
Fedhas
Trog


Innate Abilities, Weirdness & Mutations

You have a pair of small horns on your head.
When hurt, damage is shared between your health and your magic reserves.
You regenerate magic rapidly.


Message History

You hit the ogre.
You headbutt the ogre, but do no damage.
The ogre is moderately wounded.
The ogre misses you.
You hit the ogre. You headbutt the ogre.
The ogre is heavily wounded.
The ogre hits you with a +0 giant club!
* * * LOW HITPOINT WARNING * * *
Throw: 4 throwing nets
Press: ? - help, Q - select action, (/) - cycle Shift-Dir - straight line, f/p - ogre
Aim: an ogre, wielding a +0 giant club (heavily wounded, 75% to hit)
You throw a throwing net.
The throwing net barely misses the ogre.
Unknown command.
Throw: 3 throwing nets
Press: ? - help, Q - select action, (/) - cycle Shift-Dir - straight line, f/p - ogre
Aim: an ogre, wielding a +0 giant club (heavily wounded, 75% to hit)
You throw a throwing net. The throwing net hits the ogre.
The ogre is caught in the net!
The ogre is heavily wounded.
The ogre struggles against the net.
You catch the helpless ogre completely off-guard!
You hit the ogre.
The ogre is severely wounded.
The ogre struggles against the net.
You hit the ogre.
You headbutt the ogre, but do no damage.
The ogre is severely wounded.
The ogre struggles against the net.
You hit the ogre. You headbutt the ogre.
The ogre is almost dead.
The ogre struggles against the net.
You hit the ogre but do no damage.
The ogre is almost dead.
The ogre struggles against the net.
The net rips apart, and the ogre comes free!
You hit the ogre but do no damage. Your headbutt misses the ogre.
The ogre is almost dead.
The ogre hits you with a +0 giant club!!
You die...

#....##.##.#.# #.#..##
###........#.# #.#.###
#........#.# #.#.###
#..##.#.##.#####......
#........|....####.##<
###.###......##.........
#.........###########.#.
#.#.##.###### #.#.
#.#....@O.>(# #..† #
####.##...# #.#.
...##..(# #....
######...# #..## #...#
.... #...# #. #.... #.
<...... .........


You could see an ogre.

Vanquished Creatures
  Natasha (thrice) (D:2)
  An adder (D:2)
  A worm (D:2)
  2 dart slugs (D:1)
  3 ball pythons
  An endoplasm (D:1)
  4 goblins
  3 hobgoblins
  A kobold (D:1)
  A frilled lizard (D:1)
  7 rats
27 creatures vanquished.

Notes
Turn   | Place    | Note
-------+----------+-------------------------------------------
     0 | D:1      | Newt the Demonspawn Gladiator began the quest for the Orb.
     0 | D:1      | Reached XP level 1. HP: 16/16 MP: 1/1
   115 | D:1      | Reached skill level 1 in Stealth
   178 | D:1      | Found a faded altar of an unknown god.
   307 | D:1      | Prayed at the altar of an unknown god.
   307 | D:1      | Became a worshipper of Trog the Wrathful
   307 | D:1      | Reached * piety under Trog
   379 | D:1      | Gained mutation: You regenerate magic rapidly. [demonic
                  | ancestry]
   379 | D:1      | Reached XP level 2. HP: 22/22 MP: 2/2
  1379 | D:2      | Noticed Natasha
  1392 | D:2      | Killed Natasha
  1393 | D:2      | Reached skill level 3 in Fighting
  1393 | D:2      | Gained mutation: When hurt, damage is shared between your
                  | health and your magic reserves. [demonic ancestry]
  1393 | D:2      | Reached XP level 3. HP: 8/29 MP: 3/3
  1529 | D:2      | Noticed Natasha
  1558 | D:2      | Killed Natasha
  1559 | D:2      | Gained mutation: You have a pair of small horns on your
                  | head. [demonic ancestry]
  1559 | D:2      | Reached XP level 4. HP: 4/37 MP: 1/4
  2096 | D:2      | Found a blossoming altar of Fedhas.
  2272 | D:2      | Noticed Natasha
  2356 | D:2      | Killed Natasha
  2357 | D:2      | Reached skill level 4 in Fighting
  2743 | D:3      | Noticed an ogre
  2763 | D:3      | Slain by an ogre

Illustrated notes

Levels and vault maps discovered:
D:1:      scummos_arrival_star, layout_basic,
          ebering_ecumenical_altar_sacrificial, nicolae_figureground_sparkle
D:2:      layout_loops_ring, basic_altar, chequers_serial_rivers_small_a,
          hangedman_glass_teeth, uniq_natasha
D:3:      layout_loops_cross, minitemple

Skill      XL: |  1  2  3  4 |
---------------+-------------+-----
Stealth        | 1 2 |  2.0
Fighting       | 3 4 |  4.0
Short Blades   | 3 |  3.1
Throwing       | |  1.7
Dodging        | |  2.6

Action                   |  1- 3 |  4- 6 || total
-------------------------+-------+-------++-------
Melee: Rapier            |    80 |    35 ||   115
       Headbutt          |       |     7 ||     7
       Punch             |       |     2 ||     2
Throw: Throwing net      |     4 |     2 ||     6
       Javelin           |       |     1 ||     1
Invok: Berserk           |     1 |       ||     1
  Use: Potion            |     1 |       ||     1
       Scroll            |       |     5 ||     5
 Stab: Sleeping          |     4 |       ||     4
       Held in net/web   |       |     1 ||     1
Armor: Leather armour    |     8 |       ||     8
       Scale mail        |    16 |    11 ||    27
Dodge: Dodged            |    30 |    18 ||    48

Table legend: (Time is in decaauts)
 A = Elapsed time spent in this place.
 B = Non-inter-level travel time spent in this place.
 C = Inter-level travel time spent in this place.
 D = Time resting spent in this place.
 E = Time spent auto-exploring this place.
 F = Levels seen in this place.
 G = Mean time per level.
                   A        B        C        D        E       F      G
               +--------+--------+--------+--------+--------+-----+--------+
         Total |   2808 |   2702 |    106 |    481 |   1926 |   3 |  936.0 |
       Dungeon |   2808 |   2702 |    106 |    481 |   1926 |   3 |  936.0 |
               +--------+--------+--------+--------+--------+-----+--------+

Top non-repeatable levels by time:
     D:2: 1478 daAuts
     D:1: 1202 daAuts
     D:3: 128 daAuts
